 Dungeon Crawl Stone Soup version 0.18.1-8-gdd0e5ea (webtiles) character file.

135 Scarto the Skirmisher (level 4, -1/38 HPs)
             Began as a Demonspawn Fighter on June 2, 2016.
             Slain by Nanban's ghost (2 damage)
             ... on level 3 of the Dungeon.
             The game lasted 00:04:20 (2075 turns).

Scarto the Skirmisher (Demonspawn Fighter)          Turns: 2075, Time: 00:04:21

Health: -1/38      AC:  8    Str: 17    XL:     4   Next: 96%
Magic:  3/3        EV:  7    Int:  9    God:
Gold:   143        SH:  9    Dex: 13    Spells: 0 memorised, 3 levels left

rFire  . . .     SeeInvis +     d - +2 flail (venom)
rCold  . . .     Gourm    .     b - +0 scale mail
rNeg   . . .     Faith    .     c - +0 shield
rPois  .         Spirit   .     (helmet restricted)
rElec  .         Dismiss  .     (no cloak)
rCorr  .         Reflect  .     (no gloves)
SustAt .         Harm     .     (no boots)
MR     .....     Rnd*Rage +     (no amulet)
Stlth  ..........               (no ring)
                                e - ring of see invisible

@: exhausted, slowed, very slow, not resistant to hostile enchantments,
extremely unstealthy
A: horns 1, rugged brown scales 2, berserk 1, low mp 1
a: no special abilities


You were on level 3 of the Dungeon.
You were not hungry.

You visited 1 branch of the dungeon, and saw 3 of its levels.

You collected 143 gold pieces.

Inventory:

Hand Weapons
 a - a +1 war axe
 d - a +2 flail of venom (weapon)
Armour
 b - a +0 scale mail (worn)
 c - a +0 shield (worn)
Jewellery
 e - a ring of see invisible (left hand)
Scrolls
 i - a scroll of magic mapping {unknown}
Potions
 h - a potion of invisibility {unknown}
 k - 2 potions of degeneration {unknown}
 o - a potion of curing {unknown}
 r - a potion of berserk rage {unknown}
Comestibles
 f - 4 bread rations
 g - a beef jerky


   Skills:
 + Level 4.2 Fighting
 + Level 2.4 Axes
 + Level 0.3(1.5) Maces & Flails
 + Level 3.4 Armour
 + Level 3.3 Shields


You had 3 spell levels left.
You didn't know any spells.

Dungeon Overview and Level Annotations

Branches:
Dungeon (3/15)

Altars:
Nemelex Xobeh
Yredelemnul

Annotations:
D:3 Nanban's ghost, amateur DsFi


Innate Abilities, Weirdness & Mutations

You are mostly covered in rugged brown scales (AC +2, +5% HP).
You have a pair of small horns on your head.
You tend to lose your temper in combat.
Your magical capacity is low (-10% MP).


Message History

The jackal bites you but does no damage.
Nanban's ghost hits you.
* * * LOW HITPOINT WARNING * * *
The jackal bites you but does no damage.
Nanban's ghost hits you.
* * * LOW HITPOINT WARNING * * *
You hit Nanban's ghost but do no damage.
Nanban's ghost is almost destroyed.
You feel less woody.
Your +0 scale mail unmelds from your body.
The jackal bites you but does no damage.
Nanban's ghost hits you but does no damage.
The jackal bites you but does no damage.
Nanban's ghost closely misses you.
The jackal bites you but does no damage.
You hit Nanban's ghost but do no damage.
Nanban's ghost is almost destroyed.
The jackal bites you but does no damage.
Nanban's ghost hits you.
You die...

..... ##.###### )......
##........ ...$...####.........
.............#..... #..#
#.###.#...†.#. ..#
#..#..#.##..#.
#.###.......##....
!..#.##.##..#...#.##..##
......W@†$.##.....#.....
#.##..h..#..............
##.#................. ##
###.##.(#....[.....†.. #.
...................).. ###.
...###.#...††........ . ...
###.###..............) ...##.##
#...........†........
#....<######.##.................


You could see Nanban's ghost and a jackal.

Vanquished Creatures
  3 gnolls (D:2)
  2 adders
  An adder skeleton (D:3)
  3 worms
  2 dart slugs
  2 giant geckos (D:2)
  An orc (D:3)
  A ball python (D:2)
  10 bats
  6 giant cockroaches
  7 hobgoblins
  4 jackals
  6 kobolds
  2 quokkas (D:2)
  2 giant newts
  8 goblins
  9 rats
69 creatures vanquished.

Notes
Turn   | Place    | Note
--------------------------------------------------------------
     0 | D:1      | Scarto the Demonspawn Fighter began the quest for the Orb.
     0 | D:1      | Reached XP level 1. HP: 18/18 MP: 1/1
   377 | D:1      | Gained mutation: You are partially covered in rugged brown scales (AC +1, +3% HP). [demonic ancestry]
   377 | D:1      | Reached XP level 2. HP: 18/24 MP: 2/2
   636 | D:1      | Gained mutation: You are mostly covered in rugged brown scales (AC +2, +5% HP). [demonic ancestry]
   636 | D:1      | Reached XP level 3. HP: 12/30 MP: 3/3
  1315 | D:2      | Reached XP level 4. HP: 31/38 MP: 4/4
  1433 | D:2      | Found a sparkling altar of Nemelex Xobeh.
  1482 | D:2      | Gained mutation: Your magical capacity is low (-10% MP). [potion of mutation]
  1482 | D:2      | Gained mutation: You have a pair of small horns on your head. [potion of mutation]
  1482 | D:2      | Gained mutation: You tend to lose your temper in combat. [potion of mutation]
  1683 | D:2      | Reached skill level 4 in Fighting
  1746 | D:2      | Found a basalt altar of Yredelemnul.
  2056 | D:3      | Noticed Nanban's ghost (amateur DsFi)
  2071 | D:3      | HP: 2/57 [Nanban's ghost (2)]
  2075 | D:3      | Slain by Nanban's ghost

Skill      XL: |  1  2  3  4 |
---------------+-------------+-----
Armour         | 3 |  3.4
Axes           | 2 |  2.4
Shields        | 3 |  3.3
Fighting       | 4 |  4.2
Maces & Flails | |  0.3

Action                   |  1- 3 |  4- 6 || total
-------------------------+-------+-------++-------
Melee: War axe           |    87 |    51 ||   138
       Flail             |       |    52 ||    52
       Headbutt          |       |    16 ||    16
  Use: Scroll            |     3 |     6 ||     9
       Potion            |     1 |     3 ||     4
  Eat: Bread ration      |     1 |       ||     1
       Chunk             |     1 |       ||     1
Armor: Scale mail        |    32 |    48 ||    80
       Skin              |       |    34 ||    34
Dodge: Dodged            |    24 |    35 ||    59
Block: Shield            |    50 |    52 ||   102
